 Dungeon Crawl Stone Soup version 0.31-a0-702-gf82c85558f (webtiles) character file.

Game seed: 14483813573779575589

371 qw the Shooter (level 6, -4/38 HPs)
             Began as a Gargoyle Hunter on Sept 7, 2023.
             Killed from afar by an orc wizard (6 damage)
             ... with a magic dart
             ... on level 4 of the Dungeon.
             The game lasted 00:01:35 (3076 turns).

qw the Shooter (Gargoyle Hunter)                    Turns: 3076, Time: 00:01:35

Health: -4/38      AC:  9    Str: 14    XL:     6   Next: 71%
Magic:  6/6        EV: 11    Int: 10    God:
Gold:   166        SH:  0    Dex: 15    Spells: 5/5 levels left

rFire   . . .        Y - +0 shortbow
rCold   . . .        (shield currently unavailable)
rNeg    + . .        c - +0 leather armour
rPois   inf          (no helmet)
rElec   +            (no cloak)
rCorr   .            (no gloves)
SInv    .            a - +1 pair of boots
Will    .....        (no amulet)
Stlth   ++           (no ring)
HPRegen 0.26/turn    (no ring)
MPRegen 0.10/turn

%: no passive effects
@: no status effects
A: sickness immunity, AC +4, negative energy resistance 1, electricity
resistance, torment resistance 1, petrification resistance
a: no special abilities


You were on level 4 of the Dungeon.
You visited 1 branch of the dungeon, and saw 4 of its levels.

You collected 166 gold pieces.


Innate Abilities, Weirdness & Mutations

You are immune to sickness and miasma.
Your stone body is resilient. (AC +4)
You are immune to poison.
You resist negative energy. (rN+)
You are resistant to electric shocks. (rElec)
You are resistant to unholy torment.
You are immune to petrification.


   Skills:
 - Level 4.1 Fighting
 + Level 6.8 Ranged Weapons
 - Level 1.5 Armour
 - Level 1.5 Dodging
 - Level 1.1 Stealth


You had 5 spell levels left.
You didn't know any spells.
Your spell library was empty.

Inventory:

Hand Weapons
 Y - a +0 shortbow (weapon)
Armour
 a - a +1 pair of boots (worn)
 c - a +0 leather armour (worn)
Potions
 b - a potion of attraction {unknown}
 d - a potion of magic {unknown}
 e - a potion of cancellation {unknown}
 f - a potion of ambrosia {unknown}
 g - a potion of berserk rage {unknown}
 h - a potion of invisibility {unknown}
 l - a potion of heal wounds {unknown}
 m - a potion of mutation {unknown}

Dungeon Overview and Level Annotations

Branches:
Dungeon (4/15)
 Temple: D:4-7

Altars:
Ashenzari
Uskayaw
Xom
The Shining One


Message History

You kill the orc!
An orc wizard comes into view. It is wielding a +0 dagger.
The orc wizard shouts!
The orc wizard casts a spell at you.
You are confused.
An orc comes into view. It is wielding a +0 club.
The orc shouts!
You hear a shout!
You hear a shout!
The orc wizard casts a spell.
The orc wizard flickers and vanishes!
Deactivating autopickup; reactivate with Ctrl-A.
An orc priest comes into view. It is wielding a +0 flail.
The orc priest invokes the aid of Beogh against you.
Beogh smites you!
An orc priest comes into view. It is wielding a +0 short sword.
The orc priest invokes the aid of Beogh against you.
Beogh smites you!
You feel less confused.
You shoot an arrow. The arrow hits the orc.
The orc is moderately wounded.
The orc closely misses you.
You shoot an arrow. The arrow hits the orc!
You kill the orc!
The orc priest calls down the wrath of Beogh upon you.
Beogh smites you!
You shoot an arrow.
The arrow closely misses the orc priest.
Something hits you but does no damage.
You shoot an arrow. The arrow barely misses the orc priest.
The arrow hits the orc priest!
The orc priest is heavily wounded.
Something hits you but does no damage.
You shoot an arrow. The arrow hits the orc priest.
The orc priest is lightly wounded.
Something hits you but does no damage.
You shoot an arrow.
You hear some strange, mumbled words.
A magic dart appears from out of thin air!
The magic dart hits you.
You die...

#.#.#.#.# #........#
#..###..###.######.#
#.## ##........# #.#
#..###..###.##.###.#
#...#...# #.#...<..#
####.#### #........#
##.# ###....... #..#
#...##.# #@##
#..###.# #{# #..#
#.# #o# #... ..# #o#
##...#### #.#
##.....## ...
##.......## #).
#.........# ...
+.........'
#.........#


You could see 2 orc priests.

Vanquished Creatures
  2 orc priests
  2 hounds
  2 orc wizards (D:4)
  4 gnolls (D:3)
  7 adders
  12 orcs
  7 endoplasms
  3 giant cockroaches
  6 goblins
  10 hobgoblins
  4 jackals (D:1)
  2 quokkas
  6 ball pythons
  10 bats
  3 frilled lizards
  8 kobolds
  4 rats
92 creatures vanquished.

Notes
Turn   | Place    | Note
-------+----------+-------------------------------------------
     0 | D:1      | qw the Gargoyle Hunter began the quest for the Orb.
     0 | D:1      | Reached XP level 1. HP: 12/12 MP: 1/1
     0 | D:1      | 0 ||| qw: Version: 0.3-a-76-g4403597
     0 | D:1      | 0 ||| qw: Game counter: 820
     0 | D:1      | 0 ||| qw: Melee chars always use a shield: true
     0 | D:1      | 0 ||| qw: God list: Okawaru
     0 | D:1      | 0 ||| qw: Allow faded altars: false
     0 | D:1      | 0 ||| qw: Do Orc after clearing Dungeon:15 true
     0 | D:1      | 0 ||| qw: Do second Lair branch before Depths: true
     0 | D:1      | 0 ||| qw: Lair rune preference: random
     0 | D:1      | 0 ||| qw: Goals: Normal
     0 | D:1      | 0 ||| PLANNING D:1-11
   124 | D:1      | 124 ||| Stepping ~*~*~tactically~*~*~ (retreating).
   125 | D:1      | 125 ||| Stepping ~*~*~tactically~*~*~ (retreating).
   128 | D:1      | Reached XP level 2. HP: 13/17 MP: 2/2
   253 | D:1      | Reached XP level 3. HP: 20/21 MP: 3/3
   305 | D:1      | Reached skill level 5 in Ranged Weapons
   461 | D:1      | 461 ||| READING scroll labelled BEIPLE YJINK.
   462 | D:1      | 462 ||| READING scroll labelled QYVOAXIPPO.
   463 | D:1      | 463 ||| READING scroll labelled LIVULU QYNEA.
   464 | D:1      | 464 ||| DROPPING scroll of butterflies.
   763 | D:2      | Reached skill level 3 in Fighting
   918 | D:2      | Reached XP level 4. HP: 28/28 MP: 4/4
  1160 | D:2      | 1160 ||| READING scroll labelled SEDAQU TUWAO.
  1161 | D:2      | 1161 ||| READING scroll labelled YLAMUK URIYLUO.
  1228 | D:3      | Reached XP level 5. HP: 32/32 MP: 5/5
  1317 | D:3      | Found a shimmering altar of Xom.
  1350 | D:3      | Reached skill level 6 in Ranged Weapons
  1393 | D:3      | 1393 ||| Stepping ~*~*~tactically~*~*~ (outnumbered).
  1395 | D:3      | 1395 ||| Stepping ~*~*~tactically~*~*~ (outnumbered).
  1574 | D:3      | Found a hide-covered altar of Uskayaw.
  2064 | D:3      | 2064 ||| DROPPING +6 ring of intelligence.
  2145 | D:3      | 2145 ||| UPGRADING to +0 pair of boots.
  2150 | D:3      | 2150 ||| READING 2 scrolls labelled YZEWAO INWEIDD.
  2151 | D:3      | 2151 ||| READING scroll of enchant armour.
  2151 | D:3      | 2151 ||| ENCHANTING +0 pair of boots.
  2152 | D:3      | 2152 ||| READING scroll labelled ILIRUM AMOOFF.
  2153 | D:3      | 2153 ||| READING scroll labelled OHAVORIFIA.
  2154 | D:3      | 2154 ||| DRINKING 2 lumpy orange potions.
  2323 | D:4      | 2323 ||| DRINKING potion of curing.
  2323 | D:4      | 2323 ||| (to cure confusion)
  2332 | D:4      | Reached skill level 1 in Armour
  2332 | D:4      | Reached XP level 6. HP: 33/38 MP: 6/6
  2624 | D:4      | 2624 ||| FLEEEEING.
  2625 | D:4      | 2625 ||| FLEEEEING.
  2693 | D:4      | Found a broken altar of Ashenzari.
  2694 | D:4      | Found a glowing golden altar of the Shining One.
  2784 | D:4      | 2784 ||| DRINKING 2 ruby potions.
  2785 | D:4      | 2785 ||| DROPPING potion of brilliance.
  2787 | D:4      | 2787 ||| FLEEEEING.
  2807 | D:4      | 2807 ||| FLEEEEING.
  2808 | D:4      | 2808 ||| FLEEEEING.
  2809 | D:4      | 2809 ||| FLEEEEING.
  2810 | D:4      | 2810 ||| FLEEEEING.
  2811 | D:4      | 2811 ||| FLEEEEING.
  2812 | D:4      | 2812 ||| FLEEEEING.
  2813 | D:4      | 2813 ||| FLEEEEING.
  2814 | D:4      | 2814 ||| FLEEEEING.
  2819 | D:4      | 2819 ||| FLEEEEING.
  2820 | D:4      | 2820 ||| FLEEEEING.
  2831 | D:4      | 2831 ||| FLEEEEING.
  2832 | D:4      | 2832 ||| FLEEEEING.
  2833 | D:4      | 2833 ||| FLEEEEING.
  2834 | D:4      | 2834 ||| FLEEEEING.
  2835 | D:4      | 2835 ||| FLEEEEING.
  2844 | D:4      | 2844 ||| FLEEEEING.
  2845 | D:4      | 2845 ||| FLEEEEING.
  2846 | D:4      | 2846 ||| FLEEEEING.
  2847 | D:4      | 2847 ||| FLEEEEING.
  2848 | D:4      | 2848 ||| FLEEEEING.
  2852 | D:4      | 2852 ||| FLEEEEING.
  2853 | D:4      | 2853 ||| FLEEEEING.
  2859 | D:4      | 2859 ||| FLEEEEING.
  2860 | D:4      | 2860 ||| FLEEEEING.
  2861 | D:4      | 2861 ||| FLEEEEING.
  2862 | D:4      | 2862 ||| FLEEEEING.
  2863 | D:4      | 2863 ||| FLEEEEING.
  2864 | D:4      | 2864 ||| FLEEEEING.
  2865 | D:4      | 2865 ||| FLEEEEING.
  2866 | D:4      | 2866 ||| FLEEEEING.
  2867 | D:4      | 2867 ||| FLEEEEING.
  2868 | D:4      | 2868 ||| FLEEEEING.
  2869 | D:4      | 2869 ||| STAIRDANCE
  2873 | D:4      | 2873 ||| STAIRDANCE
  2879 | D:4      | 2879 ||| STAIRDANCE
  2883 | D:4      | 2883 ||| STAIRDANCE
  2887 | D:4      | 2887 ||| STAIRDANCE
  2891 | D:4      | 2891 ||| STAIRDANCE
  2895 | D:4      | 2895 ||| STAIRDANCE
  2899 | D:4      | 2899 ||| STAIRDANCE
  2903 | D:4      | 2903 ||| STAIRDANCE
  2907 | D:4      | 2907 ||| STAIRDANCE
  2911 | D:4      | 2911 ||| STAIRDANCE
  2915 | D:4      | 2915 ||| STAIRDANCE
  2919 | D:4      | 2919 ||| STAIRDANCE
  2923 | D:4      | 2923 ||| STAIRDANCE
  2927 | D:4      | 2927 ||| STAIRDANCE
  2931 | D:4      | 2931 ||| STAIRDANCE
  2935 | D:4      | 2935 ||| STAIRDANCE
  2939 | D:4      | 2939 ||| STAIRDANCE
  2943 | D:4      | 2943 ||| STAIRDANCE
  2947 | D:4      | 2947 ||| STAIRDANCE
  3069 | D:4      | HP: 9/38 [orc priest/divine providence (17)]
  3072 | D:4      | HP: 1/38 [orc priest/divine providence (9)]
  3076 | D:4      | Killed from afar by an orc wizard

Levels and vault maps discovered:
D:1:      dpeg_arrival_renting, layout_rooms
D:2:      layout_loops_ring, nicolae_titane
D:3:      layout_basic, nicolae_overflow_hidden_temple, lemuel_doored_altar,
          grunt_ministairs_5, minmay_tree_intersection
D:4:      layout_loops_corners, chequers_temple_overflow_statue_of_worship,
          lemuel_flame_loot_1

Skill      XL: |  1  2  3  4  5 |
---------------+----------------+-----
Ranged Weapons | 5 6 |  6.8
Fighting       | 3 4 |  4.1
Armour         | 1 |  1.5
Dodging        | |  1.5
Stealth        | |  1.1

Action                     |  1- 3 |  4- 6 || total
---------------------------+-------+-------++-------
   Fire: Shortbow          |   125 |   186 ||   311
    Use: Scroll            |     3 |     6 ||     9
         Potion            |       |     3 ||     3
 Armour: Leather armour    |    44 |    68 ||   112
  Dodge: Dodged            |    57 |    49 ||   106

Table legend:
 A = Non-vault XP
 B = Vault XP
 C = Vault XP percentage of total XP
 D = Non-vault monster count
 E = Vault monster count
 F = Vault count percentage of total count
                 A         B        C        D         E       F
            +---------+---------+-------+---------+---------+-------
      Total |     527 |       4 |   0.8 |      90 |       2 |   2.2
            +---------+---------+-------+---------+---------+-------
        D:1 |      45 |       0 |   0.0 |      28 |       0 |   0.0
        D:2 |      74 |       0 |   0.0 |      24 |       0 |   0.0
        D:3 |     181 |       4 |   2.2 |      17 |       2 |  10.5
        D:4 |     227 |       0 |   0.0 |      21 |       0 |   0.0
            +---------+---------+-------+---------+---------+-------
